 Dungeon Crawl Stone Soup version 0.26-b1-32-g5d43845318 (webtiles) character file.

Game seed: 18157709729734877161

1518 Dirian the Carver (level 8, -3/71 HPs)
             Began as a Minotaur Fighter on Jan 10, 2021.
             Was a Believer of the Shining One.
             Killed from afar by an electric eel (9 damage)
             ... with a bolt of electricity
             ... on level 6 of the Dungeon.
             The game lasted 00:07:19 (6081 turns).

Dirian the Carver (Minotaur Fighter)                Turns: 6081, Time: 00:07:20

Health: -3/71      AC: 14    Str: 21    XL:     8   Next: 54%
Magic:  7/7        EV:  7    Int:  5    God:    the Shining One [**....]
Gold:   356        SH: 10    Dex: 12    Spells: 7/7 levels left

rFire    . . .     SeeInvis .   a - +1 long sword
rCold    . . .     Faith    +   c - +0 kite shield
rNeg     + . .     Spirit   .   b - +0 scale mail
rPois    +         Reflect  .   (helmet restricted)
rElec    .         Harm     .   (no cloak)
rCorr    .         Rampage  .   n - +0 pair of gloves
Will     .....                  g - +0 pair of boots
Stlth    ..........             k - amulet of faith
HPRegen  0.21/turn              h - ring of poison resistance
MPRegen  0.10/turn              s - +4 ring of protection

@: glowing
A: retaliatory headbutt, horns 2
a: Renounce Religion, Divine Shield


You were on level 6 of the Dungeon.
You worshipped the Shining One.
The Shining One was pleased with you.
You visited 1 branch of the dungeon, and saw 6 of its levels.

You collected 356 gold pieces.

Inventory:

Hand Weapons
 a - a +1 long sword (weapon)
Armour
 b - a +0 scale mail (worn)
 c - a +0 kite shield (worn)
 g - a +0 pair of boots (worn)
 n - a +0 pair of gloves (worn)
 p - a +0 plate armour
Jewellery
 h - a ring of poison resistance (left hand)
 i - an uncursed ring of willpower {unknown}
 k - an amulet of faith (around neck)
 s - a +4 ring of protection (right hand)
Wands
 j - a wand of iceblast (3)
Scrolls
 f - 3 scrolls of magic mapping
 r - 4 scrolls of identify
 t - 2 scrolls of teleportation
 x - 5 scrolls of remove curse
 z - 2 scrolls of blinking
Potions
 d - 4 potions of might
 e - a potion of flight
 l - a potion of ambrosia
 m - a potion of degeneration {unknown}
 o - a potion of cancellation
 q - 2 potions of curing


   Skills:
 + Level 6.6 Fighting
 + Level 9.3 Long Blades
 + Level 7.3 Armour
 - Level 5.0 Shields


You had 7 spell levels left.
You didn't know any spells.
Your spell library was empty.

Dungeon Overview and Level Annotations

Branches:
Dungeon (6/15)             Temple (0/1) D:6

Altars:
Dithmenos
Elyvilon
Ru
Uskayaw
Xom
The Shining One


Innate Abilities, Weirdness & Mutations

You reflexively headbutt those who attack you in melee.
You have a pair of horns on your head.


Message History

You hit the electric eel.
The electric eel is moderately wounded.
The electric eel shoots out a bolt of lightning at you!
The bolt of electricity hits you!
You hit the electric eel. You headbutt the electric eel.
The electric eel is almost dead.
The electric eel shoots out a bolt of lightning at you!
The bolt of electricity hits you!
* * * LOW HITPOINT WARNING * * *
The electric eel shoots out a bolt of lightning at you!
The bolt of electricity hits you!
* * * LOW HITPOINT WARNING * * *
You hit the electric eel.
You kill the electric eel!
The electric eel shoots out a bolt of lightning at you!
The bolt of electricity hits you.
* * * LOW HITPOINT WARNING * * *
The electric eel shoots out a bolt of lightning at you!
The bolt of electricity hits you!
You die...

#.......##.##...).......##....
####......###.....#..............
......#...#.#....##....(.........
#######.......#..###.............
###....###.#.#......#......
###..##...........##.....
##.###............(...(.
#.............##(....((.
##########......@......###)......
.........................(..(....
.............(...........(.(.....
;≈≈...≈≈≈≈≈≈≈≈≈≈≈≈≈≈≈....((..≈.≈.
≈≈≈≈≈≈≈≈≈≈≈≈;≈≈≈≈≈≈≈≈......≈≈≈≈≈≈
≈≈≈≈≈≈≈≈≈≈≈≈≈≈≈≈≈≈≈≈≈≈.....≈≈≈≈≈≈
≈≈≈≈≈≈≈≈≈≈≈≈≈≈≈≈≈≈≈≈≈≈....≈≈≈≈≈≈≈
#######################''########
..(## ##.....#)......#...)#......


You could see an electric eel.

Vanquished Creatures
  An ice beast (D:5)
  An ogre (D:6)
  A centaur (D:5)
  4 big kobolds (D:6)
  A scorpion (D:4)
  3 electric eels (D:6)
  4 crimson imps (D:4)
  3 hounds
  A quasit (D:3)
  A gnoll shaman (D:4)
  An orc priest (D:6)
  An iguana (D:6)
  4 orc wizards
  A worker ant (D:4)
  A hound skeleton (D:4)
  12 gnolls
  4 adders
  4 dart slugs
  6 worms
  6 leopard geckos
  8 orcs
  4 giant cockroaches
  33 goblins
  24 hobgoblins
  6 jackals
  12 kobolds
  2 quokkas
  4 ball pythons
  A ball python skeleton (D:4)
  10 bats
  A frilled lizard (D:2)
  A quokka skeleton (D:4)
  5 rats
171 creatures vanquished.

Notes
Turn   | Place    | Note
-------+----------+-------------------------------------------
     0 | D:1      | Dirian the Minotaur Fighter began the quest for the Orb.
     0 | D:1      | Reached XP level 1. HP: 19/19 MP: 0/0
   249 | D:1      | Reached XP level 2. HP: 27/27 MP: 1/1
   475 | D:1      | Reached skill level 3 in Long Blades
   641 | D:2      | Reached XP level 3. HP: 33/33 MP: 2/2
   792 | D:2      | Found a shadowy altar of Dithmenos.
   821 | D:2      | Found a hide-covered altar of Uskayaw.
  1483 | D:3      | Found a sacrificial altar of Ru.
  1509 | D:3      | Reached XP level 4. HP: 40/40 MP: 3/3
  1572 | D:3      | Reached skill level 4 in Long Blades
  2056 | D:3      | Found a faded altar of an unknown god.
  2102 | D:3      | Became a worshipper of Elyvilon the Healer
  2102 | D:3      | Reached * piety under Elyvilon
  2202 | D:4      | Reached XP level 5. HP: 47/47 MP: 4/4
  2240 | D:4      | Found a shimmering altar of Xom.
  2251 | D:4      | Reached skill level 5 in Shields
  2252 | D:4      | Reached skill level 5 in Long Blades
  2276 | D:4      | Reached XP level 6. HP: 50/53 MP: 5/5
  2287 | D:4      | Reached skill level 5 in Armour
  2360 | D:4      | Reached ** piety under Elyvilon
  2447 | D:4      | Reached skill level 5 in Fighting
  2824 | D:4      | Reached skill level 6 in Long Blades
  3296 | D:5      | Entered Level 5 of the Dungeon
  3308 | D:5      | Reached XP level 7. HP: 56/61 MP: 6/6
  3399 | D:5      | Reached *** piety under Elyvilon
  3631 | D:5      | Reached skill level 7 in Long Blades
  3874 | D:5      | Found a glowing golden altar of the Shining One.
  3887 | D:5      | Fell from the grace of Elyvilon
  3887 | D:5      | Became a worshipper of the Shining One
  3887 | D:5      | Reached * piety under the Shining One
  4798 | D:6      | Reached skill level 8 in Long Blades
  4798 | D:6      | Reached XP level 8. HP: 46/70 MP: 7/7
  5046 | D:6      | Reached ** piety under the Shining One
  5120 | D:6      | Reached skill level 9 in Long Blades
  5756 | D:6      | Found a staircase to the Ecumenical Temple.
  6081 | D:6      | Killed from afar by an electric eel

Illustrated notes

Levels and vault maps discovered:
D:1:      matt_arrival_los_fun, layout_basic
D:2:      layout_loops_ring, lemuel_doored_altar, overflow_temple_1_default,
          minmay_strange_pillars
D:3:      wander_river, layout_loops_ring, chequers_ecumenical_altar_grove,
          minivault_11, nicolae_ru_awakened_eye
D:4:      layout_loops_corners, led_xom_imps
D:5:      layout_gridville, lemuel_coloured_pillars_altar
D:6:      minmay_goblin_kobold_castle, layout_cave_pools,
          minmay_temple_entry_nine_rooms, nrook_pool_corridor

Skill      XL: |  1  2  3  4  5  6  7  8 |
---------------+-------------------------+-----
Armour         | 4 5 6 7 |  7.3
Long Blades    | 3 4 5 6 8 9 |  9.3
Fighting       | 4 5 6 |  6.6
Shields        | 4 5 |  5.0

Action                   |  1- 3 |  4- 6 |  7- 9 || total
-------------------------+-------+-------+-------++-------
Melee: Long sword        |    88 |   121 |   211 ||   420
       Headbutt          |    15 |    28 |    38 ||    81
  Use: Scroll            |       |    10 |       ||    10
Armor: Scale mail        |    30 |    67 |   122 ||   219
Dodge: Dodged            |    21 |    43 |    77 ||   141
Block: Kite shield       |    44 |    77 |   131 ||   252
       Rpst.: Long sword |     4 |    11 |    15 ||    30
